 Dungeon Crawl Stone Soup version 0.21.1-1-g345015f (webtiles) character file.

258 Fortress the Sneak (level 6, -3/50 HPs)
             Began as a Gnoll Wanderer on June 21, 2018.
             Slain by Duvessa
             ... wielding a cursed -2 short sword
              (7 damage)
             ... on level 4 of the Dungeon.
             The game lasted 00:20:01 (3204 turns).

Fortress the Sneak (Gnoll Wanderer)                 Turns: 3204, Time: 00:20:02

Health: -3/50      AC: 11    Str: 15    XL:     6   Next: 16%
Magic:  8/8        EV:  5    Int: 13    God:
Gold:   94         SH:  0    Dex: 17    Spells: 8/8 levels left

rFire    . . .     SeeInvis .   y - +0 spear (venom)
rCold    . . .     Gourm    .   (no shield)
rNeg     . . .     Faith    .   h - +1 plate armour {rPois}
rPois    +         Spirit   .   (no helmet)
rElec    .         Reflect  .   (no cloak)
rCorr    .         Harm     .   (no gloves)
MR       .....                  (no boots)
Stlth    ..........             (no amulet)
HPRegen  0.16/turn              (no ring)
MPRegen  0.11/turn              (no ring)

@: glowing
A: distributed training, fangs 1, strong nose
a: no special abilities


You were on level 4 of the Dungeon.
You were not hungry.

You visited 1 branch of the dungeon, and saw 4 of its levels.

You collected 94 gold pieces.

Inventory:

Hand Weapons
 e - a +0 dagger
 m - a +0 hunting sling
 q - a +0 hand axe
 w - a +0 trident
 y - a +0 spear of venom (weapon)
 C - a +2 rapier of draining
Missiles
 j - 60 stones (quivered)
Armour
 d - a +0 robe
 h - a +1 plate armour of poison resistance (worn)
 v - a +2 scale mail of fire resistance
Wands
 l - a wand of random effects (20)
Scrolls
 k - 2 scrolls of random uselessness {unknown}
 o - a scroll of teleportation {unknown}
 p - a scroll of magic mapping {unknown}
 r - a scroll of fog {unknown}
 s - 2 scrolls of immolation {unknown}
 x - a scroll of blinking {unknown}
 B - 2 scrolls of remove curse {unknown}
 D - 2 scrolls of identify {unknown}
 E - a scroll of amnesia {unknown}
Potions
 c - 2 potions of curing
 g - 3 potions of heal wounds {unknown}
 i - a potion of resistance {unknown}
 n - a potion of invisibility {unknown}
 t - a potion of ambrosia {unknown}
 u - a potion of experience {unknown}
 z - a potion of lignification {unknown}
Books
 a - a Young Poisoner's Handbook

   Spells                             Type                      Level
   a - Sting                          Conjuration/Poison           1
   b - Poisonous Vapours              Poison/Air                   2
   c - Mephitic Cloud                 Conjuration/Poison/Air       3
   d - Olgreb's Toxic Radiance        Poison                       4
   e - Venom Bolt                     Conjuration/Poison           5
 b - Sif Muna's Reference Book on the Frostbite

   Spells                             Type                      Level
   a - Throw Frost                    Conjuration/Ice              2
   b - Ensorcelled Hibernation        Hexes/Ice                    2
Comestibles
 f - 3 rations


   Skills:
 + Level 4.9 Fighting
 + Level 1.8 Short Blades
 + Level 1.8 Long Blades
 + Level 1.8 Axes
 + Level 1.8 Maces & Flails
 + Level 3.1 Polearms
 + Level 1.8 Staves
 + Level 1.8 Slings
 + Level 1.8 Bows
 + Level 1.8 Crossbows
 + Level 1.8 Throwing
 + Level 1.8 Armour
 + Level 3.1 Dodging
 + Level 6.2 Stealth
 + Level 1.8 Shields
 + Level 1.8 Unarmed Combat
 + Level 1.8 Spellcasting
 + Level 1.4 Conjurations
 + Level 1.4 Hexes
 + Level 1.4 Charms
 + Level 1.4 Summonings
 + Level 4.0 Necromancy
 + Level 1.4 Translocations
 + Level 1.4 Transmutations
 + Level 1.4 Fire Magic
 + Level 1.4 Ice Magic
 + Level 1.4 Air Magic
 + Level 1.4 Earth Magic
 + Level 2.5 Poison Magic
 + Level 2.0 Invocations
 + Level 1.8 Evocations


You had 8 spell levels left.
You didn't know any spells.

Dungeon Overview and Level Annotations

Branches:
Dungeon (4/15)
 Temple: D:4-7

Altars:
Okawaru
Sif Muna
Uskayaw

Annotations:
D:3 dedward's ghost, amateur GnSk
D:4 1 transporter, Duvessa


Innate Abilities, Weirdness & Mutations

Your experience applies equally to all skills.
You have very sharp teeth.
Your uncanny sense of smell can sniff out nearby items.


Message History

The howler monkey hoots and howls with incredible vigour!
Duvessa hits you with an enchanted short sword.
* * * LOW HITPOINT WARNING * * *
You hit Duvessa. Your bite misses Duvessa.
Duvessa is lightly wounded.
Duvessa hits you with an enchanted short sword!
* * * LOW HITPOINT WARNING * * *
You barely miss Duvessa.
Duvessa is lightly wounded.
Duvessa hits you with an enchanted short sword.
* * * LOW HITPOINT WARNING * * *
You hit Duvessa but do no damage.
Duvessa is lightly wounded.
Duvessa hits you but does no damage. Duvessa closely misses you.
The howler monkey hoots and howls with incredible vigour!
You hear a shout!
Things that are here:
a dagger; a robe; a wand of flame (27) Duvessa hits you with an enchanted short sword!
You die...

##.## #.# #.# #.# ∆
######.# #.# #......# #.#
#.###### #.# #.# #h# #.#
#.# #.# #e# #.# #@##
#.######## #..# #.##.....#
##.# #.##.....# #.#
#........# ##.# ####.....#
##..#
#.....######...############
###.##.......©.........<..#
#.##.#############.###..#


You could see Duvessa (berserk) and a howler monkey.

Vanquished Creatures
  Dowan (D:4)
  A scorpion (D:4)
  A water moccasin skeleton (D:4)
  Terence (D:3)
  2 adders (D:4)
  An ooze (D:3)
  A worm (D:2)
  A dart slug (D:1)
  3 leopard geckos
  4 orcs (D:3)
  2 giant cockroaches
  5 goblins
  7 hobgoblins
  5 jackals (D:2)
  6 bats
  2 frilled lizards (D:2)
  3 kobolds
  5 rats
51 creatures vanquished.

Notes
Turn   | Place    | Note
-------+----------+-------------------------------------------
     0 | D:1      | Fortress the Gnoll Wanderer began the quest for the Orb.
     0 | D:1      | Fortress set off with: a Young Poisoner's Handbook, Sif Muna's Reference Book on the Frostbite, a potion of curing, a +0 robe, a +0 dagger, a ration
     0 | D:1      | Reached XP level 1. HP: 20/20 MP: 1/1
     0 | D:1      | Identified Sif Muna's Reference Book on the Frostbite
   391 | D:1      | Reached XP level 2. HP: 26/26 MP: 2/2
   859 | D:1      | Reached XP level 3. HP: 27/31 MP: 3/3
  1172 | D:2      | Found a faded altar of an unknown god.
  1225 | D:2      | Reached skill level 6 in Stealth
  1296 | D:2      | Reached skill level 1 in Invocations
  1368 | D:2      | Found an iron altar of Okawaru.
  1803 | D:2      | Found a deep blue altar of Sif Muna.
  1957 | D:3      | Noticed Terence
  1966 | D:3      | Reached skill level 1 in Short Blades
  1966 | D:3      | Reached skill level 1 in Long Blades
  1966 | D:3      | Reached skill level 1 in Axes
  1966 | D:3      | Reached skill level 1 in Maces & Flails
  1966 | D:3      | Reached skill level 1 in Staves
  1966 | D:3      | Reached skill level 1 in Slings
  1966 | D:3      | Reached skill level 1 in Bows
  1966 | D:3      | Reached skill level 1 in Crossbows
  1966 | D:3      | Reached skill level 1 in Throwing
  1966 | D:3      | Reached skill level 1 in Armour
  1966 | D:3      | Reached skill level 1 in Shields
  1966 | D:3      | Reached skill level 1 in Unarmed Combat
  1966 | D:3      | Reached skill level 1 in Spellcasting
  1966 | D:3      | Reached skill level 1 in Evocations
  1990 | D:3      | Killed Terence
  1990 | D:3      | Reached XP level 4. HP: 18/38 MP: 5/5
  2467 | D:3      | Found a hide-covered altar of Uskayaw.
  2524 | D:4      | Found a transporter.
  2712 | D:3      | Noticed dedward's ghost (amateur GnSk)
  2916 | D:4      | Reached skill level 1 in Conjurations
  2916 | D:4      | Reached skill level 1 in Hexes
  2916 | D:4      | Reached skill level 1 in Charms
  2916 | D:4      | Reached skill level 1 in Summonings
  2916 | D:4      | Reached skill level 1 in Translocations
  2916 | D:4      | Reached skill level 1 in Transmutations
  2916 | D:4      | Reached skill level 1 in Fire Magic
  2916 | D:4      | Reached skill level 1 in Ice Magic
  2916 | D:4      | Reached skill level 1 in Air Magic
  2916 | D:4      | Reached skill level 1 in Earth Magic
  2916 | D:4      | Reached XP level 5. HP: 36/43 MP: 5/7
  3178 | D:4      | Noticed Duvessa
  3180 | D:4      | Noticed Dowan
  3198 | D:4      | Killed Dowan
  3198 | D:4      | Reached XP level 6. HP: 21/50 MP: 8/8
  3204 | D:4      | Slain by Duvessa

Skill      XL: |  1  2  3  4  5 |
---------------+----------------+-----
Poison Magic   | 2 |  2.5
Stealth        | 6 |  6.2
Invocations    | 1 2 |  2.0
Short Blades   | 1 |  1.8
Long Blades    | 1 |  1.8
Axes           | 1 |  1.8
Maces & Flails | 1 |  1.8
Staves         | 1 |  1.8
Slings         | 1 |  1.8
Bows           | 1 |  1.8
Crossbows      | 1 |  1.8
Throwing       | 1 |  1.8
Armour         | 1 |  1.8
Shields        | 1 |  1.8
Unarmed Combat | 1 |  1.8
Spellcasting   | 1 |  1.8
Evocations     | 1 |  1.8
Conjurations   | 1 |  1.4
Hexes          | 1 |  1.4
Charms         | 1 |  1.4
Summonings     | 1 |  1.4
Translocations | 1 |  1.4
Transmutations | 1 |  1.4
Fire Magic     | 1 |  1.4
Ice Magic      | 1 |  1.4
Air Magic      | 1 |  1.4
Earth Magic    | 1 |  1.4
Polearms       | 3 |  3.1
Dodging        | 3 |  3.1
Necromancy     | 4 |  4.0
Fighting       | |  4.9

Action                   |  1- 3 |  4- 6 || total
-------------------------+-------+-------++-------
Melee: Dagger            |   128 |       ||   128
       Bite              |    27 |    11 ||    38
       Hand axe          |    79 |       ||    79
       Spear             |       |    96 ||    96
       Punch             |       |     1 ||     1
 Stab: Sleeping          |     1 |       ||     1
  Eat: Chunk             |     3 |       ||     3
       Ration            |       |     2 ||     2
Armor: Plate armour      |   215 |    43 ||   258
       Robe              |     3 |       ||     3
Dodge: Dodged            |    58 |    16 ||    74
